 Dungeon Crawl Stone Soup version 0.28.0-43-g3370ac3207 (webtiles) character file.

Game seed: 4226270052255126402

968 Cykl0x the Digger (level 8, -3/41 HPs)
             Began as a Gargoyle Earth Elementalist on Mar 5, 2022.
             Slain by Duvessa
             ... wielding a +6 short sword of draining
              (12 damage)
             ... on level 5 of the Dungeon.
             The game lasted 00:10:13 (6313 turns).

Cykl0x the Digger (Gargoyle Earth Elementalist)     Turns: 6313, Time: 00:10:13

Health: -3/41      AC:  9    Str: 13    XL:     8   Next: 16%
Magic:  10/16      EV: 12    Int: 17    God:
Gold:   95         SH:  0    Dex: 10    Spells: 13/17 levels left

rFire   . . .      SeeInvis .   o - +1 long sword
rCold   . . .      Faith    .   (no shield)
rNeg    + . .      Spirit   .   b - +0 robe
rPois   ∞          Reflect  .   (no helmet)
rElec   +          Harm     .   g - +1 cloak
rCorr   .          Rampage  .   (no gloves)
Will    .....                   (no boots)
Stlth   ++........              (no amulet)
HPRegen 0.13/turn               (no ring)
MPRegen 0.15/turn               (no ring)

@: no status effects
A: sickness immunity, AC +5, negative energy resistance 1, electricity
resistance, torment resistance 1, petrification resistance
a: no special abilities


You were on level 5 of the Dungeon.
You visited 1 branch of the dungeon, and saw 5 of its levels.

You collected 215 gold pieces.
You spent 120 gold pieces at shops.

Inventory:

Hand Weapons
 a - a +0 dagger
 n - a +0 falchion
 o - a +1 long sword (weapon)
Missiles
 c - 55 stones
Armour
 b - a +0 robe (worn)
 g - a +1 cloak (worn)
Jewellery
 i - an amulet of guardian spirit
Wands
 h - a wand of charming (5)
 j - a wand of polymorph (11)
 m - a wand of digging (4)
Scrolls
 l - 3 scrolls of identify
Potions
 d - 2 potions of haste
 e - a potion of flight
 f - a potion of brilliance
 k - a potion of heal wounds
 p - a potion of magic {unknown}
 q - 2 potions of attraction {unknown}
 s - a potion of curing


   Skills:
 + Level 0.3 Short Blades
 + Level 2.3 Dodging
 - Level 2.1 Stealth
 + Level 5.3 Spellcasting
 * Level 5.2 Conjurations
 - Level 0.7 Transmutations
 + Level 6.8 Earth Magic


You had 13 spell levels left.
You knew the following spells:

 Your Spells              Type           Power      Damage    Failure   Level
a - Sandblast             Erth           54%        2d13      1%          1
b - Stone Arrow           Conj/Erth      50%        3d10      3%          3

Your spell library contained the following spells:

 Spells                   Type           Power      Damage    Failure   Level
 Passwall                 Tmut/Erth      14%        N/A       4%          2
 Petrify                  Tmut/Erth      17%        N/A       28%         4


Dungeon Overview and Level Annotations

Branches:
Dungeon (5/15)
 Temple: D:4-7

Altars:
Kikubaaqudgha

Shops:
D:4 =*[:(

Annotations:
D:5 Dowan, Duvessa


Innate Abilities, Weirdness & Mutations

You are immune to sickness and miasma.
Your stone body is resilient. (AC +5)
You are immune to poison.
You resist negative energy. (rN+)
You are resistant to electric shocks. (rElec)
You are resistant to unholy torment.
You are immune to petrification.


Message History

Confirm with . or Enter, or press ? or * to list all spells.
Aiming: Sandblast (safe; 1% risk of failure)
Press: ? - help, Shift-Dir - straight line, f - phantom
Aim: a phantom (73% to hit)
The blast of sand hits the phantom.
The phantom is lightly damaged.
c - 56 stones The phantom hits you.
Casting: Sandblast (safe; 1% risk of failure)
Confirm with . or Enter, or press ? or * to list all spells.
Aiming: Sandblast (safe; 1% risk of failure)
Press: ? - help, Shift-Dir - straight line, f/p - phantom
Aim: a phantom (lightly damaged, 73% to hit)
The blast of sand hits the phantom.
The phantom is moderately damaged.
c - 55 stones The phantom hits you.
The phantom blinks!
You blink.
You slash the phantom!
The phantom is heavily damaged.
The phantom hits you but does no damage.
Duvessa says, "Where magic fails, the sword succeeds!"
You barely miss the phantom.
The phantom is heavily damaged.
The phantom misses you. The phantom closely misses you.
You closely miss the phantom.
The phantom is heavily damaged.
Dowan gestures at Duvessa while chanting.
Duvessa seems to speed up.
The phantom barely misses you.
Duvessa says, "My weaknesses are his strengths!"
You closely miss the phantom.
The phantom is heavily damaged.
Duvessa hits you with a +6 short sword of draining.
* * * LOW HITPOINT WARNING * * *
The phantom hits you but does no damage.
Dowan closely misses you.
Duvessa hits you with a +6 short sword of draining.
* * * LOW HITPOINT WARNING * * *
The phantom barely misses you.
Duvessa hits you with a +6 short sword of draining!
You die...

.###########
.......†...##
.##....##...#
#....##.#.#
#....##.#.# ######
#....##.#.###.....
+@ee.##...........
#..W######.#......
######.......##<##
#.####.###.#
####.####.###.##
................
####.####.###.#.
#.....##.###...
#..........###.


You could see Duvessa (fast), a phantom and Dowan.

Vanquished Creatures
  Sigmund (D:2)
  2 sky beasts (D:5)
  A necrophage (D:4)
  An ogre (D:2)
  Blork the orc (D:4)
  A scorpion (D:5)
  A howler monkey (D:5)
  2 hounds
  3 iguanas (D:5)
  A hound zombie (D:5)
  A gnoll (D:1)
  5 adders
  An adder zombie (D:5)
  4 dart slugs
  3 orcs (D:4)
  6 endoplasms
  4 giant cockroaches
  6 goblins
  5 hobgoblins
  7 jackals
  5 quokkas
  10 ball pythons
  6 bats
  5 frilled lizards
  6 kobolds
  8 rats
96 creatures vanquished.

Vanquished Creatures (others)
  A fungus (D:1)
  A plant (D:1)
2 creatures vanquished.

Grand Total: 98 creatures vanquished

Notes
Turn   | Place    | Note
-------+----------+-------------------------------------------
     0 | D:1      | Cykl0x the Gargoyle Earth Elementalist began the quest for
                  | the Orb.
     0 | D:1      | Reached XP level 1. HP: 10/10 MP: 3/3
   156 | D:1      | Reached XP level 2. HP: 15/15 MP: 1/5
   236 | D:1      | Reached skill level 4 in Earth Magic
   415 | D:1      | Reached skill level 1 in Conjurations
   454 | D:1      | Reached XP level 3. HP: 13/19 MP: 2/6
   458 | D:1      | Learned a level 3 spell: Stone Arrow
   576 | D:1      | Found a faded altar of an unknown god.
  1406 | D:2      | Reached XP level 4. HP: 24/24 MP: 1/7
  1488 | D:2      | Noticed an ogre
  1510 | D:2      | Killed an ogre
  1511 | D:2      | Reached XP level 5. HP: 28/28 MP: 0/9
  1646 | D:2      | Noticed Sigmund
  1822 | D:2      | Killed Sigmund
  1823 | D:2      | Reached skill level 5 in Earth Magic
  1823 | D:2      | Reached XP level 6. HP: 13/32 MP: 0/11
  4217 | D:4      | Found Xinarom's Book Shop.
  4559 | D:4      | Found Kogi Jeu's Jewellery Shop.
  4561 | D:4      | Noticed Blork the orc
  4563 | D:4      | Killed Blork the orc
  4627 | D:4      | Reached XP level 7. HP: 36/36 MP: 3/13
  4942 | D:4      | Found an ancient bone altar of Kikubaaqudgha.
  5260 | D:4      | Found Lebu's Antique Armour Shop.
  5276 | D:4      | Reached skill level 6 in Earth Magic
  5407 | D:4      | Found Xalylur's Weapon Shop.
  5461 | D:4      | Found Wimialo's Assorted Antiques.
  5491 | D:4      | Bought a scroll labelled GEXUOQ EGIS for 20 gold pieces
  5491 | D:4      | Bought a potion of curing for 60 gold pieces
  5491 | D:4      | Bought a scroll labelled WAMEIR ENOM for 20 gold pieces
  5491 | D:4      | Bought a scroll labelled YRI RUIPUTZO for 20 gold pieces
  5681 | D:5      | Entered Level 5 of the Dungeon
  5940 | D:5      | Reached skill level 5 in Spellcasting
  5940 | D:5      | Reached skill level 5 in Conjurations
  5940 | D:5      | Reached XP level 8. HP: 33/41 MP: 1/15
  6297 | D:5      | Noticed Duvessa
  6299 | D:5      | Noticed Dowan
  6313 | D:5      | Slain by Duvessa

Illustrated notes

Levels and vault maps discovered:
D:1:      elethiomel_arrival_diamonds, layout_rooms,
          shapermc_ecumenical_altar_petra
D:2:      layout_rooms, serial_co_window_serial, co_window_paths_a,
          co_window_paths_a, co_window_paths_b, co_window_paths_b,
          co_window_paths_a, co_window_paths_c, co_window_2corner,
          co_window_of_opportunity_b, co_window_of_opportunity_c,
          co_window_4corner_b, glass_columns_c, glass_columns_a,
          glass_columns_a, glass_columns_b, glass_columns_a,
          chequers_serial_rivers_micro_b, st_stairs_12, corner_web_ring,
          minmay_misc_feat_more_columns, dk_noncrumbling_4, uniq_sigmund
D:3:      layout_loops_corners
D:4:      layout_basic, kiku_gazebo_pond_becter, serial_shops, shop,
          nicolae_lakefront_shop, nicolae_diamond_shop,
          nicolae_shop_overgrown_old_shop, nicolae_lakefront_shop,
          uniq_blork_the_orc
D:5:      layout_basic, minmay_temple_entry_stoned_glass, uniq_duvessa

Skill      XL: |  1  2  3  4  5  6  7 |
---------------+----------------------+-----
Earth Magic    | 4 5 6 |  6.8
Dodging        | 2 |  2.3
Conjurations   | 1 2 3 5 |  5.2
Spellcasting   | 3 4 5 |  5.3
Short Blades   | |  0.3
Stealth        | |  2.1
Transmutations | |  0.7

Action                   |  1- 3 |  4- 6 |  7- 9 || total
-------------------------+-------+-------+-------++-------
Melee: Unarmed           |     5 |       |       ||     5
       Punch             |     1 |       |       ||     1
       Dagger            |    39 |       |       ||    39
       Long sword        |       |       |    22 ||    22
 Cast: Sandblast         |    31 |    23 |    12 ||    66
       Stone Arrow       |    12 |    36 |    29 ||    77
  Use: Scroll            |     1 |     5 |     5 ||    11
       Potion            |       |     3 |       ||     3
Armor: Robe              |    27 |     2 |    17 ||    46
       Skin              |       |     6 |       ||     6
Dodge: Dodged            |    49 |     5 |    19 ||    73
